[ PARTIDA AOE2 · #482042588 ]
UnrankedMalíes vs Britons
Equipo del jugador · DERR
[ ANÁLISIS DE REPETICIÓN · EXTRAÍDO DE LA PARTIDA GRABADA ]
Feudal
10:07
Castillos
13:40
Imperial
29:34
| APM promedio | 35.6 |
| APM pico | 75 |
| eAPM promedio | 16.4 |
| Aldeanos / militares | 74 / 35 |
Foco
⚔️ 36.9% · 🌾 63.1%
Gbeto ×13 · Camel Scout ×8 · Scout Cavalry ×8 · Petard ×2 · Unknown (1105) ×2 · Trebuchet (Packed) ×2
Feudal
11:21
Castillos
14:52
Imperial
30:09
| APM promedio | 56.4 |
| APM pico | 97 |
| eAPM promedio | 22.6 |
| Aldeanos / militares | 105 / 112 |
Foco
⚔️ 47.4% · 🌾 52.6%
Longbowman ×107 · Trebuchet (Packed) ×4 · Mangonel ×1
Feudal
8:40
Castillos
17:12
Imperial
30:07
| APM promedio | 49.7 |
| APM pico | 95 |
| eAPM promedio | 32.0 |
| Aldeanos / militares | 178 / 40 |
Foco
⚔️ 43.8% · 🌾 56.2%
Unknown (1944) ×115 · Spearman ×38 · Monk ×1 · Scout Cavalry ×1
Feudal
8:28
Castillos
24:07
Imperial
31:43
| APM promedio | 34.9 |
| APM pico | 82 |
| eAPM promedio | 22.0 |
| Aldeanos / militares | 187 / 41 |
Foco
⚔️ 29.9% · 🌾 70.1%
Hand Cannoneer ×34 · Bombard Cannon ×6 · Mangonel ×1
Feudal
10:56
Castillos
14:38
Imperial
34:21
| APM promedio | 38.8 |
| APM pico | 82 |
| eAPM promedio | 14.4 |
| Aldeanos / militares | 122 / 109 |
Foco
⚔️ 32.2% · 🌾 67.8%
Spearman ×57 · Composite Bowman ×47 · Knight ×4 · Monk ×1
Feudal
10:56
Castillos
14:26
Imperial
26:22
| APM promedio | 84.9 |
| APM pico | 143 |
| eAPM promedio | 55.7 |
| Aldeanos / militares | 151 / 195 |
Foco
⚔️ 72.5% · 🌾 27.5%
Knight ×76 · Militia ×73 · Spearman ×35 · Centurion ×8 · Monk ×3
Feudal
8:51
Castillos
31:55
Imperial
—
| APM promedio | 35.9 |
| APM pico | 71 |
| eAPM promedio | 19.1 |
| Aldeanos / militares | 124 / 61 |
Foco
⚔️ 31.9% · 🌾 68.1%
Spearman ×41 · Knight ×12 · Battering Ram ×8
Feudal
10:33
Castillos
13:14
Imperial
34:38
| APM promedio | 52.5 |
| APM pico | 81 |
| eAPM promedio | 20.2 |
| Aldeanos / militares | 139 / 93 |
Foco
⚔️ 27.6% · 🌾 72.4%
Knight ×47 · Scout Cavalry ×46
Mapa de la partida
Recursos iniciales + cada clic de construcción. Líneas = muros · curvas = relieve. ◆ oro · ⬟ piedra · ● bayas · ✦ reliquia · ◌ hueco del cierre
Tu base· ✓ Cerrada en 13:40 · 0t muro · 3 puerta(s)
Base de RománMás3· ✓ Cerrada en 14:52 · 0t muro · 2 puerta(s)
Base de Fs.Nicolau Mendes· ✓ Cerrada en 17:12 · 0t muro · 2 puerta(s)
Base de gyNNNNN· ✓ Cerrada en 24:07 · 9t muro · 5 puerta(s)
Base de Fs.Nx Imperial· ✓ Cerrada en 14:38 · 0t muro · 3 puerta(s)
Base de S2. MiMo· ✓ Cerrada en 14:26 · 0t muro · 2 puerta(s)
Base de Fs.Blink· ✓ Cerrada en 31:55 · 6t muro · 3 puerta(s)
Base de MUERE CACA· ✓ Cerrada en 13:14 · 0t muro · 3 puerta(s)
Terreno inicial suavizado · ◌ = hueco del cierre detectado · pasá el cursor para detalles
Inputs por minuto
— FMG | Sawasha Takohida - - RománMás3
Build order — FMG | Sawasha Takohida
Primeras 150 de 218 acciones detectadas
| 0:02 | Crear | Villager (Male) |
| 0:02 | Crear | Villager (Male) |
| 0:02 | Crear | Villager (Male) |
| 0:03 | Crear | Villager (Male) |
| 0:03 | Construir | House |
| 0:05 | Construir | House |
| 1:30 | Crear | Villager (Male) |
| 1:53 | Construir | Lumber Camp |
| 2:03 | Crear | Villager (Male) |
| 2:03 | Crear | Villager (Male) |
| 2:26 | Crear | Villager (Male) |
| 3:05 | Crear | Villager (Male) |
| 3:05 | Crear | Villager (Male) |
| 3:32 | Construir | House |
| 3:41 | Crear | Villager (Male) |
| 3:41 | Crear | Villager (Male) |
| 4:33 | Crear | Villager (Male) |
| 4:53 | Crear | Villager (Male) |
| 4:54 | Crear | Villager (Male) |
| 5:09 | Construir | Mill |
| 5:34 | Construir | House |
| 5:50 | Crear | Villager (Male) |
| 6:12 | Construir | Farm |
| 6:13 | Crear | Villager (Male) |
| 6:16 | Construir | Farm |
| 6:30 | Crear | Villager (Male) |
| 6:57 | Crear | Villager (Male) |
| 7:30 | Crear | Villager (Male) |
| 7:35 | Construir | Mining Camp |
| 7:44 | Investigar | Feudal Age |
| 9:45 | Crear | Villager (Male) |
| 9:45 | Crear | Villager (Male) |
| 10:07 | Edad | Edad Feudal |
| 10:08 | Construir | Market |
| 10:13 | Construir | Blacksmith |
| 10:41 | Construir | Mining Camp |
| 11:00 | Investigar | Castle Age |
| 12:08 | Investigar | Double-Bit Axe |
| 12:17 | Construir | House |
| 12:46 | Crear | Villager (Male) |
| 12:49 | Construir | House |
| 13:02 | Crear | Villager (Male) |
| 13:40 | Edad | Edad de los Castillos |
| 14:05 | Construir | Castle |
| 14:06 | Crear | Villager (Male) |
| 14:13 | Investigar | Horse Collar |
| 14:17 | Construir | Farm |
| 14:43 | Construir | Farm |
| 14:44 | Crear | Villager (Male) |
| 14:44 | Crear | Villager (Male) |
| 15:06 | Construir | Siege Workshop |
| 15:15 | Crear | Gbeto |
| 15:18 | Construir | Farm |
| 15:19 | Construir | Farm |
| 15:40 | Crear | Gbeto |
| 15:41 | Crear | Villager (Male) |
| 15:44 | Construir | Farm |
| 15:46 | Construir | Farm |
| 15:58 | Crear | Gbeto |
| 16:01 | Crear | Unit 1105 |
| 16:01 | Crear | Unit 1105 |
| 16:18 | Construir | Farm |
| 16:29 | Crear | Villager (Male) |
| 16:32 | Crear | Gbeto |
| 16:47 | Crear | Gbeto |
| 16:47 | Crear | Villager (Male) |
| 17:06 | Crear | Gbeto |
| 17:08 | Construir | Farm |
| 17:12 | Construir | Farm |
| 17:32 | Crear | Villager (Male) |
| 17:54 | Construir | Farm |
| 17:55 | Construir | Farm |
| 17:56 | Construir | Farm |
| 18:04 | Crear | Gbeto |
| 18:09 | Crear | Villager (Male) |
| 18:13 | Construir | Farm |
| 18:17 | Construir | Farm |
| 18:38 | Crear | Villager (Male) |
| 18:43 | Construir | Monastery |
| 18:53 | Crear | Villager (Male) |
| 18:59 | Construir | Farm |
| 19:05 | Crear | Villager (Male) |
| 19:27 | Crear | Villager (Male) |
| 19:28 | Crear | Gbeto |
| 19:42 | Crear | Gbeto |
| 19:54 | Crear | Villager (Male) |
| 19:57 | Construir | Town Center |
| 19:57 | Crear | Villager (Male) |
| 20:04 | Crear | Gbeto |
| 20:08 | Crear | Monk |
| 20:17 | Crear | Villager (Male) |
| 20:35 | Crear | Gbeto |
| 20:36 | Crear | Gbeto |
| 20:48 | Crear | Villager (Male) |
| 21:02 | Crear | Villager (Male) |
| 21:02 | Crear | Villager (Male) |
| 21:15 | Crear | Villager (Male) |
| 21:20 | Construir | Farm |
| 21:20 | Construir | Farm |
| 21:20 | Construir | Farm |
| 21:20 | Construir | Farm |
| 21:29 | Construir | Lumber Camp |
| 21:35 | Crear | Villager (Male) |
| 21:36 | Crear | Villager (Male) |
| 21:43 | Construir | Stone Wall |
| 21:48 | Crear | Mangonel |
| 22:03 | Construir | Gate |
| 22:09 | Construir | Stone Wall |
| 22:14 | Crear | Villager (Male) |
| 22:15 | Investigar | Loom |
| 22:19 | Crear | Villager (Male) |
| 22:39 | Crear | Villager (Male) |
| 22:40 | Crear | Villager (Male) |
| 23:08 | Construir | Town Center |
| 23:25 | Construir | House |
| 23:42 | Construir | Farm |
| 23:46 | Construir | Farm |
| 23:46 | Crear | Villager (Male) |
| 23:49 | Construir | Farm |
| 23:51 | Construir | Farm |
| 24:05 | Crear | Villager (Male) |
| 24:06 | Crear | Villager (Male) |
| 24:06 | Crear | Villager (Male) |
| 24:06 | Crear | Villager (Male) |
| 24:13 | Construir | House |
| 24:26 | Crear | Villager (Male) |
| 24:34 | Construir | Farm |
| 24:36 | Crear | Villager (Male) |
| 24:38 | Construir | Farm |
| 24:48 | Construir | House |
| 24:54 | Construir | Farm |
| 24:57 | Construir | Farm |
| 25:25 | Construir | House |
| 25:52 | Crear | Villager (Male) |
| 26:10 | Construir | Farm |
| 26:12 | Construir | Farm |
| 26:24 | Investigar | Imperial Age |
| 26:25 | Investigar | Imperial Age |
| 26:29 | Crear | Villager (Male) |
| 26:32 | Crear | Villager (Male) |
| 26:35 | Construir | Farm |
| 26:35 | Construir | Farm |
| 26:35 | Construir | Farm |
| 26:36 | Construir | Farm |
| 26:36 | Construir | Farm |
| 26:36 | Construir | Farm |
| 26:59 | Crear | Petard |
| 26:59 | Crear | Petard |
| 27:05 | Construir | House |
| 27:09 | Crear | Villager (Male) |
Build order — RománMás3
Primeras 150 de 336 acciones detectadas
| 0:01 | Crear | Villager (Male) ×4 |
| 0:02 | Construir | House |
| 0:03 | Construir | House |
| 1:18 | Crear | Villager (Male) |
| 1:22 | Construir | Lumber Camp |
| 1:46 | Crear | Villager (Male) |
| 2:03 | Crear | Villager (Male) |
| 2:32 | Crear | Villager (Male) |
| 2:47 | Crear | Villager (Male) |
| 3:10 | Construir | House |
| 3:17 | Crear | Villager (Male) |
| 3:44 | Crear | Villager (Male) |
| 4:19 | Crear | Villager (Male) |
| 4:24 | Construir | Mill |
| 4:49 | Construir | House |
| 5:01 | Crear | Villager (Male) |
| 5:11 | Crear | Villager (Male) |
| 5:22 | Construir | House |
| 5:24 | Crear | Villager (Male) |
| 5:32 | Crear | Villager (Male) |
| 5:50 | Crear | Villager (Male) |
| 5:59 | Crear | Villager (Male) |
| 6:08 | Crear | Villager (Male) |
| 6:44 | Crear | Villager (Male) |
| 7:25 | Construir | Farm |
| 7:26 | Construir | Farm |
| 7:26 | Construir | Farm |
| 7:37 | Construir | Mining Camp |
| 8:13 | Crear | Villager (Male) |
| 8:37 | Crear | Villager (Male) |
| 9:02 | Investigar | Feudal Age |
| 9:52 | Crear | Villager (Male) |
| 9:52 | Crear | Villager (Male) |
| 10:35 | Construir | Farm |
| 11:21 | Edad | Edad Feudal |
| 11:24 | Crear | Villager (Male) |
| 11:28 | Construir | Market |
| 11:30 | Construir | Blacksmith |
| 11:38 | Investigar | Double-Bit Axe |
| 11:56 | Construir | Farm |
| 12:12 | Investigar | Castle Age |
| 12:20 | Investigar | Horse Collar |
| 12:21 | Investigar | Horse Collar |
| 12:24 | Construir | House |
| 12:25 | Construir | House |
| 12:38 | Construir | Farm |
| 12:40 | Construir | Farm |
| 12:50 | Construir | Farm |
| 13:19 | Crear | Villager (Male) |
| 13:21 | Construir | House |
| 13:23 | Construir | House |
| 14:49 | Crear | Villager (Male) |
| 14:52 | Edad | Edad de los Castillos |
| 15:02 | Construir | Town Center |
| 15:04 | Construir | House |
| 15:06 | Construir | Stone Wall |
| 15:18 | Investigar | Bow Saw |
| 15:21 | Investigar | Heavy Plow |
| 15:22 | Crear | Villager (Male) |
| 15:25 | Investigar | Stone Mining |
| 15:46 | Crear | Villager (Male) |
| 15:54 | Crear | Villager (Male) |
| 15:59 | Construir | House |
| 16:00 | Construir | House |
| 16:13 | Construir | Farm |
| 16:22 | Construir | Mill |
| 16:23 | Construir | Farm |
| 16:23 | Construir | Farm |
| 16:23 | Construir | Farm |
| 16:23 | Construir | Farm |
| 16:24 | Construir | Farm |
| 16:25 | Crear | Villager (Male) |
| 16:44 | Crear | Villager (Male) |
| 16:44 | Crear | Villager (Male) |
| 16:56 | Crear | Villager (Male) |
| 17:00 | Construir | Gate |
| 17:20 | Construir | Stone Wall |
| 17:23 | Construir | Stone Wall |
| 17:31 | Crear | Villager (Male) |
| 17:43 | Construir | Farm |
| 17:43 | Construir | Farm |
| 17:44 | Crear | Villager (Male) |
| 17:52 | Crear | Villager (Male) |
| 17:53 | Crear | Villager (Male) |
| 17:55 | Construir | Farm |
| 17:55 | Construir | Farm |
| 18:16 | Construir | Siege Workshop |
| 18:25 | Investigar | Loom |
| 18:26 | Crear | Villager (Male) |
| 18:30 | Crear | Villager (Male) |
| 18:39 | Crear | Villager (Male) |
| 18:44 | Construir | Mining Camp |
| 18:51 | Crear | Villager (Male) |
| 19:08 | Construir | House |
| 19:25 | Crear | Villager (Male) |
| 19:41 | Crear | Villager (Male) |
| 19:41 | Crear | Villager (Male) |
| 19:46 | Crear | Villager (Male) |
| 19:58 | Crear | Villager (Male) |
| 20:04 | Crear | Villager (Male) |
| 20:05 | Crear | Villager (Male) |
| 20:09 | Construir | Farm |
| 20:10 | Crear | Villager (Male) |
| 20:22 | Crear | Villager (Male) |
| 20:23 | Crear | Villager (Male) |
| 20:44 | Crear | Villager (Male) |
| 20:53 | Construir | Castle |
| 20:58 | Crear | Villager (Male) |
| 21:02 | Construir | Farm |
| 21:03 | Construir | Farm |
| 21:06 | Construir | Farm |
| 21:23 | Investigar | Wheelbarrow |
| 21:25 | Construir | Farm |
| 21:26 | Crear | Villager (Male) |
| 21:29 | Construir | House |
| 21:33 | Investigar | Gold Mining |
| 21:42 | Construir | Mining Camp |
| 22:01 | Construir | Mining Camp |
| 22:04 | Crear | Villager (Male) |
| 22:07 | Construir | Farm |
| 22:10 | Construir | Farm |
| 22:21 | Crear | Villager (Male) |
| 22:28 | Construir | Lumber Camp |
| 22:33 | Crear | Villager (Male) |
| 22:37 | Crear | Longbowman |
| 22:46 | Investigar | Fletching |
| 22:48 | Crear | Longbowman |
| 22:48 | Crear | Villager (Male) |
| 22:58 | Crear | Villager (Male) |
| 22:58 | Crear | Villager (Male) |
| 23:08 | Crear | Longbowman |
| 23:19 | Crear | Longbowman |
| 23:26 | Crear | Longbowman |
| 23:37 | Crear | Longbowman |
| 23:38 | Crear | Villager (Male) |
| 23:39 | Crear | Villager (Male) |
| 23:42 | Crear | Villager (Male) |
| 23:57 | Crear | Longbowman |
| 23:57 | Crear | Villager (Male) |
| 24:06 | Crear | Villager (Male) |
| 24:15 | Crear | Longbowman |
| 24:20 | Investigar | Bodkin Arrow |
| 24:23 | Crear | Villager (Male) |
| 24:26 | Crear | Longbowman |
| 24:42 | Crear | Villager (Male) |
| 24:52 | Construir | University |
| 25:07 | Crear | Villager (Male) |
| 25:22 | Crear | Mangonel |
| 25:58 | Crear | Villager (Male) |
| 26:01 | Construir | Castle |
Build order — Fs.Nicolau Mendes
Primeras 150 de 501 acciones detectadas
| 0:00 | Crear | Villager (Male) |
| 0:01 | Construir | House |
| 0:02 | Construir | House |
| 0:12 | Crear | Villager (Male) |
| 0:15 | Crear | Villager (Male) ×2 |
| 1:29 | Crear | Villager (Male) |
| 2:05 | Construir | Lumber Camp |
| 2:19 | Crear | Villager (Male) ×3 |
| 3:10 | Crear | Villager (Male) |
| 3:25 | Crear | Villager (Male) |
| 3:59 | Crear | Villager (Male) |
| 4:03 | Construir | House |
| 4:41 | Crear | Villager (Male) ×3 |
| 4:53 | Crear | Villager (Male) |
| 5:03 | Crear | Villager (Male) |
| 5:19 | Construir | Mill |
| 5:28 | Crear | Villager (Male) |
| 6:29 | Investigar | Feudal Age |
| 6:39 | Construir | House |
| 7:27 | Construir | Mining Camp |
| 8:40 | Edad | Edad Feudal |
| 8:42 | Investigar | Double-Bit Axe |
| 8:42 | Crear | Villager (Male) |
| 8:43 | Crear | Villager (Male) |
| 8:46 | Investigar | Horse Collar |
| 8:49 | Investigar | Gold Mining |
| 9:30 | Crear | Villager (Male) |
| 9:30 | Crear | Villager (Male) |
| 9:32 | Construir | Farm |
| 9:34 | Construir | Farm |
| 9:37 | Construir | Farm |
| 9:49 | Construir | House |
| 9:52 | Investigar | Wheelbarrow |
| 10:26 | Construir | Farm |
| 10:30 | Crear | Villager (Male) |
| 10:42 | Construir | House |
| 10:54 | Construir | Farm |
| 11:16 | Crear | Villager (Male) |
| 11:20 | Construir | Farm |
| 11:22 | Construir | Farm |
| 11:25 | Construir | Farm |
| 11:27 | Crear | Villager (Male) |
| 12:10 | Construir | House |
| 12:15 | Crear | Villager (Male) |
| 12:22 | Construir | Farm |
| 12:25 | Construir | Farm |
| 12:35 | Construir | Market |
| 12:45 | Crear | Villager (Male) |
| 12:53 | Construir | Farm |
| 13:14 | Crear | Villager (Male) |
| 13:19 | Construir | Blacksmith |
| 13:36 | Construir | Farm |
| 13:39 | Crear | Villager (Male) |
| 13:41 | Construir | Farm |
| 13:50 | Construir | House |
| 14:06 | Crear | Villager (Male) |
| 14:28 | Investigar | Castle Age |
| 15:00 | Construir | House |
| 15:11 | Crear | Villager (Male) |
| 15:35 | Construir | Farm |
| 16:58 | Crear | Villager (Male) |
| 17:12 | Edad | Edad de los Castillos |
| 17:15 | Construir | Town Center |
| 17:16 | Investigar | Bow Saw |
| 17:19 | Construir | Town Center |
| 17:21 | Investigar | Heavy Plow |
| 17:25 | Investigar | Gold Shaft Mining |
| 17:27 | Crear | Villager (Male) |
| 17:40 | Crear | Villager (Male) |
| 17:50 | Crear | Villager (Male) |
| 17:53 | Construir | Monastery |
| 18:01 | Crear | Villager (Male) |
| 18:05 | Construir | House |
| 18:15 | Crear | Villager (Male) |
| 18:24 | Crear | Villager (Male) |
| 18:55 | Crear | Villager (Male) |
| 18:55 | Crear | Villager (Male) |
| 18:58 | Crear | Villager (Male) |
| 18:58 | Crear | Villager (Male) |
| 19:02 | Construir | Farm |
| 19:03 | Construir | Farm |
| 19:07 | Construir | Farm |
| 19:12 | Crear | Villager (Male) |
| 19:19 | Crear | Monk |
| 19:28 | Crear | Villager (Male) |
| 19:30 | Crear | Villager (Male) |
| 19:32 | Construir | Farm |
| 19:32 | Construir | Farm |
| 19:32 | Construir | Farm |
| 19:33 | Construir | Farm |
| 19:46 | Crear | Villager (Male) |
| 19:48 | Construir | Barracks |
| 19:56 | Construir | Farm |
| 19:58 | Construir | Farm |
| 20:05 | Crear | Villager (Male) |
| 20:12 | Crear | Villager (Male) |
| 20:28 | Crear | Villager (Male) |
| 20:28 | Crear | Villager (Male) |
| 20:30 | Construir | Farm |
| 20:44 | Crear | Villager (Male) |
| 20:48 | Construir | Farm |
| 20:49 | Construir | Farm |
| 20:51 | Construir | Farm |
| 20:52 | Construir | Farm |
| 20:52 | Construir | Farm |
| 20:53 | Construir | Farm |
| 20:53 | Construir | Farm |
| 20:56 | Construir | Farm |
| 20:56 | Construir | Farm |
| 20:57 | Construir | Farm |
| 21:01 | Crear | Villager (Male) |
| 21:05 | Construir | House |
| 21:06 | Construir | House |
| 21:07 | Construir | House |
| 21:08 | Construir | House |
| 21:12 | Crear | Villager (Male) |
| 21:17 | Construir | Stable |
| 21:20 | Construir | Farm |
| 21:27 | Crear | Villager (Male) |
| 21:31 | Crear | Villager (Male) ×5 |
| 21:34 | Investigar | Scale Barding Armor |
| 21:35 | Investigar | Forging |
| 21:35 | Investigar | Forging |
| 21:39 | Construir | Farm |
| 21:41 | Crear | Villager (Male) |
| 21:51 | Crear | Villager (Male) ×5 |
| 21:54 | Crear | Villager (Male) |
| 22:04 | Construir | Stable |
| 22:31 | Crear | Villager (Male) |
| 22:35 | Investigar | Hand Cart |
| 22:39 | Crear | Villager (Male) |
| 22:41 | Construir | Stable |
| 22:43 | Crear | Villager (Male) |
| 22:47 | Construir | Farm |
| 22:51 | Construir | Mining Camp |
| 23:01 | Crear | Villager (Male) |
| 23:08 | Investigar | Bloodlines |
| 23:08 | Investigar | Husbandry |
| 23:11 | Crear | Unit 1944 |
| 23:11 | Crear | Unit 1944 |
| 23:24 | Crear | Villager (Male) ×5 |
| 23:30 | Construir | House |
| 23:31 | Construir | House |
| 23:37 | Investigar | Chain Barding Armor |
| 23:37 | Investigar | Chain Barding Armor |
| 23:39 | Crear | Villager (Male) |
| 23:40 | Construir | Lumber Camp |
| 23:42 | Construir | Lumber Camp |
| 23:55 | Crear | Unit 1944 |
| 24:06 | Crear | Villager (Male) |
Build order — gyNNNNN
Primeras 150 de 377 acciones detectadas
| 0:01 | Crear | Villager (Male) |
| 0:01 | Crear | Villager (Male) |
| 0:01 | Crear | Villager (Male) |
| 0:01 | Crear | Villager (Male) |
| 0:01 | Crear | Villager (Male) |
| 0:02 | Construir | House |
| 0:02 | Construir | House |
| 1:24 | Crear | Villager (Male) |
| 1:24 | Crear | Villager (Male) |
| 1:24 | Crear | Villager (Male) |
| 1:24 | Crear | Villager (Male) |
| 1:24 | Crear | Villager (Male) |
| 1:45 | Construir | Lumber Camp |
| 1:52 | Crear | Villager (Male) |
| 1:52 | Crear | Villager (Male) |
| 1:52 | Crear | Villager (Male) |
| 1:52 | Crear | Villager (Male) |
| 1:52 | Crear | Villager (Male) |
| 1:52 | Crear | Villager (Male) |
| 2:21 | Crear | Villager (Male) |
| 2:21 | Crear | Villager (Male) |
| 2:21 | Crear | Villager (Male) |
| 2:21 | Crear | Villager (Male) |
| 2:21 | Crear | Villager (Male) |
| 2:38 | Crear | Villager (Male) |
| 2:38 | Crear | Villager (Male) |
| 2:38 | Crear | Villager (Male) |
| 2:38 | Crear | Villager (Male) |
| 2:38 | Crear | Villager (Male) |
| 3:02 | Crear | Villager (Male) |
| 3:02 | Crear | Villager (Male) |
| 3:02 | Crear | Villager (Male) |
| 3:02 | Crear | Villager (Male) |
| 3:02 | Crear | Villager (Male) |
| 3:26 | Crear | Villager (Male) |
| 3:26 | Crear | Villager (Male) |
| 3:26 | Crear | Villager (Male) |
| 3:26 | Crear | Villager (Male) |
| 3:26 | Crear | Villager (Male) |
| 3:49 | Construir | House |
| 3:50 | Construir | House |
| 3:54 | Crear | Villager (Male) |
| 3:54 | Crear | Villager (Male) |
| 3:54 | Crear | Villager (Male) |
| 3:54 | Crear | Villager (Male) |
| 3:54 | Crear | Villager (Male) |
| 4:59 | Construir | Mill |
| 5:06 | Crear | Villager (Male) |
| 5:31 | Crear | Villager (Male) |
| 6:18 | Investigar | Feudal Age |
| 6:18 | Investigar | Feudal Age |
| 6:18 | Investigar | Feudal Age |
| 6:18 | Investigar | Feudal Age |
| 6:18 | Investigar | Feudal Age |
| 6:18 | Investigar | Feudal Age |
| 6:18 | Investigar | Feudal Age |
| 6:18 | Investigar | Feudal Age |
| 6:18 | Investigar | Feudal Age |
| 6:18 | Investigar | Feudal Age |
| 6:18 | Investigar | Feudal Age |
| 6:18 | Investigar | Feudal Age |
| 6:18 | Investigar | Feudal Age |
| 6:56 | Construir | Mining Camp |
| 7:16 | Construir | Palisade Wall |
| 7:25 | Investigar | Loom |
| 7:27 | Crear | Villager (Male) |
| 7:27 | Crear | Villager (Male) |
| 8:21 | Construir | Palisade Gate |
| 8:28 | Edad | Edad Feudal |
| 8:34 | Construir | Watch Tower |
| 8:36 | Crear | Villager (Male) |
| 8:52 | Construir | Blacksmith |
| 9:25 | Crear | Villager (Male) |
| 9:29 | Investigar | Fletching |
| 9:57 | Construir | Watch Tower |
| 10:03 | Crear | Villager (Male) |
| 10:03 | Crear | Villager (Male) |
| 10:03 | Crear | Villager (Male) |
| 10:03 | Crear | Villager (Male) |
| 10:27 | Construir | Watch Tower |
| 10:44 | Crear | Villager (Male) |
| 10:44 | Crear | Villager (Male) |
| 10:44 | Crear | Villager (Male) |
| 10:44 | Crear | Villager (Male) |
| 10:44 | Crear | Villager (Male) |
| 11:25 | Crear | Villager (Male) |
| 11:25 | Crear | Villager (Male) |
| 11:25 | Crear | Villager (Male) |
| 11:25 | Crear | Villager (Male) |
| 11:26 | Crear | Villager (Male) |
| 11:26 | Crear | Villager (Male) |
| 11:28 | Construir | Farm |
| 11:28 | Construir | Farm |
| 11:29 | Construir | Farm |
| 11:35 | Construir | House |
| 12:17 | Crear | Villager (Male) |
| 12:17 | Crear | Villager (Male) |
| 12:17 | Crear | Villager (Male) |
| 12:17 | Crear | Villager (Male) |
| 12:17 | Crear | Villager (Male) |
| 12:35 | Construir | Farm |
| 12:37 | Construir | Farm |
| 12:45 | Crear | Villager (Male) |
| 12:45 | Crear | Villager (Male) |
| 12:45 | Crear | Villager (Male) |
| 12:45 | Crear | Villager (Male) |
| 12:45 | Crear | Villager (Male) |
| 12:45 | Crear | Villager (Male) |
| 12:54 | Construir | House |
| 13:10 | Crear | Villager (Male) |
| 13:10 | Crear | Villager (Male) |
| 13:10 | Crear | Villager (Male) |
| 13:10 | Crear | Villager (Male) |
| 13:10 | Crear | Villager (Male) |
| 13:17 | Construir | Farm |
| 13:43 | Construir | Outpost |
| 13:51 | Construir | Watch Tower |
| 14:01 | Crear | Villager (Male) |
| 14:01 | Crear | Villager (Male) |
| 14:01 | Crear | Villager (Male) |
| 14:01 | Crear | Villager (Male) |
| 14:01 | Crear | Villager (Male) |
| 14:36 | Construir | Watch Tower |
| 14:50 | Crear | Villager (Male) |
| 14:50 | Crear | Villager (Male) |
| 14:50 | Crear | Villager (Male) |
| 15:19 | Crear | Villager (Male) |
| 15:19 | Crear | Villager (Male) |
| 15:19 | Crear | Villager (Male) |
| 15:19 | Crear | Villager (Male) |
| 15:22 | Construir | Farm |
| 15:23 | Construir | Farm |
| 15:41 | Crear | Villager (Male) |
| 16:53 | Construir | Farm |
| 16:54 | Construir | Farm |
| 16:55 | Construir | Farm |
| 17:08 | Crear | Villager (Male) |
| 17:11 | Construir | House |
| 17:57 | Crear | Villager (Male) |
| 17:57 | Crear | Villager (Male) |
| 18:04 | Construir | House |
| 18:30 | Construir | Watch Tower |
| 18:36 | Construir | Palisade Gate |
| 18:42 | Construir | House |
| 18:53 | Construir | Palisade Wall |
| 19:20 | Crear | Villager (Male) |
| 19:20 | Crear | Villager (Male) |
| 19:36 | Construir | Mining Camp |
| 19:46 | Crear | Villager (Male) |
| 19:51 | Construir | Palisade Gate |
Build order — Fs.Nx Imperial
Primeras 150 de 266 acciones detectadas
| 0:01 | Crear | Villager (Male) |
| 0:01 | Crear | Villager (Male) |
| 0:01 | Crear | Villager (Male) |
| 0:02 | Crear | Villager (Male) |
| 0:03 | Construir | House |
| 0:04 | Construir | House |
| 1:29 | Crear | Villager (Male) |
| 1:47 | Construir | Mule Cart |
| 2:02 | Crear | Villager (Male) |
| 2:16 | Crear | Villager (Male) |
| 2:50 | Crear | Villager (Male) |
| 3:24 | Crear | Villager (Male) |
| 3:26 | Construir | House |
| 3:49 | Crear | Villager (Male) |
| 3:50 | Crear | Villager (Male) |
| 4:01 | Construir | Mill |
| 4:15 | Crear | Villager (Male) |
| 4:15 | Crear | Villager (Male) |
| 4:34 | Crear | Villager (Male) |
| 5:29 | Crear | Villager (Male) |
| 5:29 | Crear | Villager (Male) |
| 6:01 | Crear | Villager (Male) |
| 6:11 | Crear | Villager (Male) |
| 6:27 | Construir | House |
| 6:46 | Construir | Farm |
| 6:48 | Construir | Farm |
| 7:02 | Crear | Villager (Male) |
| 7:30 | Crear | Villager (Male) |
| 8:28 | Investigar | Feudal Age |
| 9:45 | Crear | Villager (Male) |
| 9:45 | Crear | Villager (Male) |
| 10:56 | Edad | Edad Feudal |
| 11:03 | Construir | Market |
| 11:07 | Construir | Blacksmith |
| 11:18 | Construir | Mule Cart |
| 11:58 | Investigar | Castle Age |
| 12:12 | Construir | House |
| 12:15 | Investigar | Double-Bit Axe |
| 12:50 | Construir | Barracks |
| 12:54 | Investigar | Horse Collar |
| 12:58 | Construir | Farm |
| 13:18 | Construir | Farm |
| 13:23 | Crear | Villager (Male) |
| 14:15 | Construir | Stable |
| 14:34 | Crear | Villager (Male) |
| 14:38 | Edad | Edad de los Castillos |
| 14:59 | Construir | House |
| 15:13 | Crear | Knight |
| 15:13 | Crear | Knight |
| 15:13 | Crear | Knight |
| 15:18 | Crear | Villager (Male) |
| 15:24 | Crear | Villager (Male) |
| 15:36 | Construir | Farm |
| 15:46 | Construir | Farm |
| 16:16 | Crear | Knight |
| 16:36 | Construir | House |
| 16:56 | Crear | Villager (Male) |
| 17:40 | Crear | Villager (Male) |
| 17:45 | Construir | Town Center |
| 18:04 | Construir | Castle |
| 18:14 | Investigar | Fletching |
| 18:32 | Construir | Castle |
| 18:55 | Crear | Villager (Male) |
| 19:12 | Crear | Villager (Male) |
| 19:18 | Construir | Farm |
| 19:19 | Construir | Farm |
| 19:20 | Construir | Farm |
| 19:26 | Construir | Farm |
| 19:27 | Construir | Farm |
| 19:45 | Construir | Farm |
| 19:53 | Construir | Stone Wall |
| 20:06 | Crear | Villager (Male) |
| 20:33 | Construir | Mule Cart |
| 20:40 | Construir | Monastery |
| 20:47 | Crear | Villager (Male) |
| 20:48 | Crear | Villager (Male) |
| 20:48 | Crear | Villager (Male) |
| 20:53 | Investigar | Loom |
| 21:10 | Crear | Villager (Male) |
| 21:18 | Construir | Farm |
| 21:20 | Construir | Farm |
| 21:40 | Crear | Villager (Male) |
| 22:04 | Crear | Villager (Male) |
| 22:05 | Crear | Villager (Male) |
| 22:05 | Crear | Villager (Male) |
| 22:06 | Construir | Farm |
| 22:08 | Construir | House |
| 22:14 | Construir | Farm |
| 22:18 | Construir | Farm |
| 22:22 | Crear | Composite Bowman ×4 |
| 22:28 | Crear | Villager (Male) |
| 22:28 | Crear | Villager (Male) |
| 22:28 | Crear | Villager (Male) |
| 22:35 | Crear | Monk |
| 22:38 | Crear | Villager (Male) |
| 22:44 | Construir | Farm |
| 22:55 | Construir | Farm |
| 23:01 | Crear | Villager (Male) |
| 23:01 | Crear | Villager (Male) |
| 23:08 | Crear | Composite Bowman ×2 |
| 23:42 | Investigar | Bodkin Arrow |
| 23:47 | Construir | Farm |
| 23:49 | Construir | Farm |
| 23:50 | Crear | Villager (Male) |
| 24:10 | Crear | Composite Bowman ×4 |
| 24:52 | Construir | House |
| 24:55 | Crear | Composite Bowman |
| 25:39 | Construir | Castle |
| 25:49 | Crear | Villager (Male) |
| 25:50 | Crear | Villager (Male) |
| 25:51 | Crear | Villager (Male) |
| 25:51 | Crear | Villager (Male) |
| 26:03 | Crear | Villager (Male) |
| 26:03 | Crear | Villager (Male) |
| 26:03 | Crear | Villager (Male) |
| 26:04 | Crear | Villager (Male) |
| 26:04 | Crear | Villager (Male) |
| 26:14 | Construir | University |
| 26:19 | Construir | Monastery |
| 26:23 | Crear | Villager (Male) |
| 26:24 | Crear | Villager (Male) |
| 26:24 | Crear | Villager (Male) |
| 26:24 | Crear | Villager (Male) |
| 26:25 | Crear | Villager (Male) |
| 26:25 | Crear | Villager (Male) |
| 26:44 | Investigar | Wheelbarrow |
| 27:03 | Construir | Barracks |
| 27:06 | Investigar | Pikeman (upgrade) |
| 27:15 | Crear | Composite Bowman ×2 |
| 27:19 | Crear | Villager (Male) |
| 27:19 | Crear | Villager (Male) |
| 27:20 | Crear | Villager (Male) |
| 27:20 | Crear | Villager (Male) |
| 27:20 | Crear | Villager (Male) |
| 27:21 | Crear | Villager (Male) |
| 27:29 | Crear | Villager (Male) |
| 27:35 | Crear | Villager (Male) |
| 27:43 | Investigar | Bow Saw |
| 27:55 | Crear | Spearman ×5 |
| 27:58 | Construir | House |
| 28:00 | Crear | Villager (Male) |
| 28:00 | Crear | Villager (Male) |
| 28:04 | Crear | Villager (Male) |
| 28:08 | Crear | Composite Bowman ×2 |
| 28:13 | Construir | House |
| 28:31 | Construir | Stone Wall |
| 28:34 | Investigar | Squires |
| 28:43 | Investigar | Scale Mail Armor |
| 28:45 | Crear | Villager (Male) |
| 28:45 | Crear | Villager (Male) |
Build order — S2. MiMo
Primeras 150 de 514 acciones detectadas
| 0:00 | Crear | Villager (Male) |
| 0:00 | Crear | Villager (Male) |
| 0:01 | Crear | Villager (Male) |
| 0:01 | Crear | Villager (Male) |
| 0:02 | Construir | House |
| 0:03 | Construir | House |
| 1:11 | Crear | Villager (Male) |
| 1:47 | Construir | Lumber Camp |
| 1:53 | Crear | Villager (Male) |
| 2:13 | Crear | Villager (Male) |
| 2:20 | Crear | Villager (Male) |
| 3:08 | Construir | House |
| 3:14 | Crear | Villager (Male) |
| 3:14 | Crear | Villager (Male) |
| 3:52 | Construir | Mill |
| 4:04 | Crear | Villager (Male) |
| 4:10 | Crear | Villager (Male) |
| 4:26 | Crear | Villager (Male) |
| 5:15 | Crear | Villager (Male) |
| 5:19 | Crear | Villager (Male) |
| 5:33 | Crear | Villager (Male) |
| 5:38 | Crear | Villager (Male) |
| 5:40 | Construir | House |
| 5:42 | Construir | House |
| 5:47 | Crear | Villager (Male) |
| 5:52 | Crear | Villager (Male) |
| 6:06 | Crear | Villager (Male) |
| 6:46 | Construir | Farm |
| 6:48 | Construir | Farm |
| 6:56 | Crear | Villager (Male) |
| 6:59 | Crear | Villager (Male) |
| 7:02 | Crear | Villager (Male) |
| 7:36 | Crear | Villager (Male) |
| 7:44 | Construir | Mining Camp |
| 7:51 | Construir | Farm |
| 8:23 | Investigar | Feudal Age |
| 9:55 | Crear | Villager (Male) |
| 9:55 | Crear | Villager (Male) |
| 9:59 | Construir | House |
| 10:02 | Construir | House |
| 10:56 | Edad | Edad Feudal |
| 10:57 | Crear | Villager (Male) |
| 10:59 | Construir | Market |
| 11:00 | Construir | Blacksmith |
| 11:17 | Crear | Villager (Male) |
| 11:21 | Crear | Villager (Male) |
| 11:39 | Investigar | Castle Age |
| 11:54 | Investigar | Double-Bit Axe |
| 12:13 | Investigar | Horse Collar |
| 12:15 | Construir | Farm |
| 12:18 | Construir | Farm |
| 12:20 | Construir | Farm |
| 12:21 | Construir | Farm |
| 12:27 | Construir | Farm |
| 12:33 | Construir | Farm |
| 12:38 | Construir | Farm |
| 12:56 | Crear | Villager (Male) |
| 14:04 | Crear | Villager (Male) |
| 14:12 | Crear | Villager (Male) |
| 14:17 | Crear | Villager (Male) |
| 14:26 | Edad | Edad de los Castillos |
| 14:30 | Construir | Town Center |
| 14:33 | Construir | Town Center |
| 14:37 | Investigar | Bow Saw |
| 14:42 | Crear | Villager (Male) |
| 14:58 | Construir | House |
| 15:07 | Crear | Villager (Male) |
| 15:20 | Crear | Villager (Male) |
| 15:21 | Crear | Villager (Male) |
| 15:29 | Crear | Villager (Male) |
| 15:36 | Crear | Villager (Male) |
| 15:43 | Crear | Villager (Male) |
| 15:45 | Crear | Villager (Male) |
| 15:56 | Crear | Villager (Male) |
| 16:07 | Crear | Villager (Male) |
| 16:09 | Construir | Farm |
| 16:09 | Construir | Farm |
| 16:10 | Construir | Farm |
| 16:10 | Construir | Farm |
| 16:13 | Construir | House |
| 16:14 | Construir | House |
| 16:14 | Construir | House |
| 16:29 | Crear | Villager (Male) |
| 16:34 | Construir | Farm |
| 16:35 | Construir | Farm |
| 16:37 | Construir | Farm |
| 16:47 | Crear | Villager (Male) |
| 16:48 | Construir | Farm |
| 17:00 | Crear | Villager (Male) |
| 17:05 | Construir | Farm |
| 17:06 | Construir | Farm |
| 17:09 | Construir | Farm |
| 17:13 | Crear | Villager (Male) |
| 17:22 | Crear | Villager (Male) |
| 17:29 | Crear | Villager (Male) |
| 17:37 | Construir | House |
| 17:38 | Construir | House |
| 17:39 | Crear | Villager (Male) |
| 17:43 | Construir | Farm |
| 17:47 | Crear | Villager (Male) |
| 17:52 | Construir | Farm |
| 17:52 | Construir | Farm |
| 17:54 | Construir | Farm |
| 17:57 | Construir | Farm |
| 17:57 | Crear | Villager (Male) |
| 17:58 | Construir | Farm |
| 18:00 | Crear | Villager (Male) |
| 18:01 | Construir | Farm |
| 18:09 | Crear | Villager (Male) |
| 18:26 | Crear | Villager (Male) |
| 18:29 | Crear | Villager (Male) |
| 18:34 | Crear | Villager (Male) |
| 18:37 | Crear | Villager (Male) |
| 18:44 | Crear | Villager (Male) |
| 18:46 | Construir | Farm |
| 18:46 | Construir | Farm |
| 18:46 | Construir | Farm |
| 18:48 | Construir | House |
| 18:49 | Construir | House |
| 18:49 | Construir | House |
| 18:50 | Crear | Villager (Male) |
| 18:56 | Crear | Villager (Male) |
| 19:01 | Crear | Villager (Male) |
| 19:11 | Construir | Farm |
| 19:13 | Crear | Villager (Male) |
| 19:14 | Crear | Villager (Male) |
| 19:16 | Construir | Farm |
| 19:17 | Construir | Farm |
| 19:17 | Construir | Farm |
| 19:17 | Construir | Farm |
| 19:18 | Crear | Villager (Male) |
| 19:24 | Crear | Villager (Male) |
| 19:26 | Construir | Farm |
| 19:27 | Construir | Farm |
| 19:30 | Construir | Farm |
| 19:32 | Construir | Farm |
| 19:33 | Crear | Villager (Male) |
| 19:34 | Construir | Farm |
| 19:36 | Crear | Villager (Male) |
| 19:39 | Construir | Farm |
| 19:41 | Crear | Villager (Male) |
| 19:52 | Investigar | Wheelbarrow |
| 19:53 | Investigar | Wheelbarrow |
| 19:55 | Crear | Villager (Male) |
| 20:00 | Crear | Villager (Male) |
| 20:04 | Construir | Farm |
| 20:05 | Crear | Villager (Male) |
| 20:07 | Crear | Villager (Male) |
| 20:08 | Crear | Villager (Male) |
| 20:11 | Construir | House |
Build order — Fs.Blink
Primeras 150 de 333 acciones detectadas
| 0:01 | Crear | Villager (Male) |
| 0:01 | Crear | Villager (Male) |
| 0:02 | Crear | Villager (Male) |
| 0:02 | Crear | Villager (Male) |
| 0:02 | Crear | Villager (Male) |
| 0:03 | Construir | House |
| 0:05 | Construir | House |
| 1:26 | Crear | Villager (Male) |
| 2:03 | Crear | Villager (Male) |
| 2:20 | Construir | Lumber Camp |
| 2:25 | Crear | Villager (Male) |
| 2:47 | Crear | Villager (Male) |
| 2:48 | Crear | Villager (Male) |
| 3:03 | Crear | Villager (Male) |
| 3:37 | Crear | Villager (Male) |
| 3:37 | Crear | Villager (Male) |
| 3:54 | Construir | House |
| 4:01 | Crear | Villager (Male) |
| 4:15 | Crear | Villager (Male) |
| 4:16 | Crear | Villager (Male) |
| 5:13 | Crear | Villager (Male) |
| 5:17 | Construir | Mill |
| 5:27 | Crear | Villager (Male) |
| 5:39 | Crear | Villager (Male) |
| 6:40 | Investigar | Feudal Age |
| 7:13 | Construir | Mining Camp |
| 7:35 | Investigar | Loom |
| 8:17 | Construir | House |
| 8:40 | Construir | House |
| 8:51 | Edad | Edad Feudal |
| 8:56 | Crear | Villager (Male) |
| 8:58 | Construir | Blacksmith |
| 9:05 | Crear | Villager (Male) |
| 9:28 | Construir | Siege Workshop |
| 9:31 | Construir | House |
| 9:37 | Crear | Villager (Male) |
| 10:07 | Investigar | Fletching |
| 10:16 | Construir | Watch Tower |
| 10:18 | Crear | Battering Ram |
| 10:25 | Crear | Villager (Male) |
| 10:49 | Construir | Mining Camp |
| 11:24 | Crear | Villager (Male) |
| 11:40 | Crear | Battering Ram |
| 11:43 | Crear | Villager (Male) |
| 12:09 | Crear | Villager (Male) |
| 12:47 | Construir | Watch Tower |
| 12:53 | Crear | Villager (Male) |
| 13:20 | Construir | House |
| 13:34 | Construir | Palisade Gate |
| 13:34 | Crear | Villager (Male) |
| 13:40 | Construir | House |
| 13:45 | Construir | House |
| 14:06 | Construir | Siege Workshop |
| 14:08 | Crear | Villager (Male) |
| 14:29 | Crear | Villager (Male) |
| 14:44 | Crear | Battering Ram |
| 14:54 | Crear | Villager (Male) |
| 15:14 | Crear | Villager (Male) |
| 15:16 | Construir | Farm |
| 15:28 | Construir | House |
| 15:31 | Construir | House |
| 15:34 | Construir | House |
| 15:42 | Crear | Villager (Male) |
| 15:44 | Construir | House |
| 15:45 | Construir | Palisade Wall |
| 15:48 | Construir | Palisade Wall |
| 15:57 | Construir | Farm |
| 16:05 | Construir | Watch Tower |
| 16:09 | Crear | Villager (Male) |
| 16:16 | Construir | Palisade Wall |
| 16:18 | Construir | Palisade Wall |
| 16:33 | Construir | Palisade Wall |
| 16:53 | Construir | Farm |
| 17:07 | Crear | Villager (Male) |
| 17:12 | Construir | Farm |
| 17:27 | Crear | Villager (Male) |
| 17:47 | Crear | Battering Ram |
| 18:06 | Construir | Farm |
| 18:07 | Construir | Farm |
| 18:10 | Crear | Villager (Male) |
| 18:44 | Crear | Villager (Male) |
| 18:58 | Crear | Villager (Male) |
| 19:00 | Crear | Villager (Male) |
| 19:12 | Construir | Town Center |
| 19:24 | Crear | Villager (Male) |
| 19:24 | Crear | Villager (Male) |
| 20:02 | Crear | Battering Ram |
| 20:20 | Crear | Villager (Male) |
| 20:22 | Crear | Villager (Male) |
| 20:22 | Crear | Villager (Male) |
| 20:45 | Crear | Villager (Male) |
| 20:46 | Construir | Barracks |
| 20:55 | Crear | Villager (Male) |
| 21:05 | Construir | Farm |
| 21:06 | Construir | Farm |
| 21:14 | Crear | Villager (Male) |
| 21:14 | Crear | Villager (Male) |
| 21:43 | Crear | Villager (Male) |
| 21:43 | Crear | Villager (Male) |
| 21:56 | Crear | Villager (Male) |
| 22:05 | Investigar | Horse Collar |
| 22:22 | Crear | Spearman |
| 22:22 | Crear | Spearman |
| 22:24 | Construir | House |
| 22:31 | Crear | Battering Ram |
| 22:38 | Crear | Villager (Male) |
| 22:38 | Crear | Villager (Male) |
| 22:52 | Crear | Spearman |
| 22:56 | Construir | House |
| 23:01 | Construir | Farm |
| 23:02 | Construir | Farm |
| 23:03 | Crear | Villager (Male) |
| 23:03 | Crear | Villager (Male) |
| 23:17 | Construir | Palisade Wall |
| 23:19 | Construir | Farm |
| 23:21 | Construir | Farm |
| 23:21 | Construir | Farm |
| 23:27 | Construir | Outpost |
| 23:43 | Crear | Villager (Male) |
| 23:43 | Crear | Villager (Male) |
| 23:43 | Crear | Villager (Male) |
| 23:46 | Construir | Farm |
| 23:46 | Construir | Farm |
| 23:47 | Construir | Farm |
| 23:47 | Construir | Farm |
| 23:47 | Construir | Farm |
| 24:11 | Crear | Spearman |
| 24:12 | Crear | Spearman |
| 24:15 | Construir | Farm |
| 24:16 | Construir | Farm |
| 24:28 | Investigar | Town Watch |
| 24:28 | Investigar | Town Watch |
| 24:31 | Construir | Farm |
| 24:32 | Construir | Farm |
| 24:33 | Construir | Farm |
| 24:36 | Crear | Villager (Male) |
| 24:36 | Crear | Villager (Male) |
| 24:37 | Crear | Villager (Male) |
| 24:44 | Construir | Outpost |
| 24:53 | Construir | Mill |
| 24:57 | Construir | Mill |
| 24:58 | Construir | Farm |
| 24:58 | Construir | Farm |
| 24:58 | Construir | Farm |
| 24:58 | Construir | Farm |
| 25:00 | Crear | Villager (Male) |
| 25:00 | Crear | Villager (Male) |
| 25:18 | Crear | Spearman |
| 25:18 | Crear | Spearman |
| 25:19 | Crear | Spearman |
Build order — MUERE CACA
Primeras 150 de 400 acciones detectadas
| 0:01 | Crear | Villager (Male) |
| 0:01 | Crear | Villager (Male) |
| 0:01 | Crear | Villager (Male) |
| 0:02 | Construir | House |
| 0:03 | Construir | House |
| 0:06 | Crear | Villager (Male) |
| 1:26 | Crear | Villager (Male) |
| 1:53 | Construir | Lumber Camp |
| 2:01 | Crear | Villager (Male) |
| 2:01 | Crear | Villager (Male) |
| 2:31 | Crear | Villager (Male) |
| 2:37 | Crear | Villager (Male) |
| 3:14 | Crear | Villager (Male) |
| 3:42 | Crear | Villager (Male) |
| 3:50 | Crear | Villager (Male) |
| 3:58 | Crear | Villager (Male) |
| 4:02 | Construir | House |
| 4:17 | Construir | Mill |
| 4:30 | Construir | House |
| 4:33 | Crear | Villager (Male) |
| 4:33 | Crear | Villager (Male) |
| 5:15 | Crear | Villager (Male) |
| 5:15 | Crear | Villager (Male) |
| 6:33 | Crear | Villager (Male) |
| 7:02 | Construir | Farm |
| 7:05 | Construir | Farm |
| 7:07 | Construir | Farm |
| 7:08 | Crear | Villager (Male) |
| 7:25 | Crear | Villager (Male) |
| 7:53 | Crear | Villager (Male) |
| 8:09 | Construir | Mining Camp |
| 8:11 | Investigar | Feudal Age |
| 10:02 | Construir | Farm |
| 10:33 | Edad | Edad Feudal |
| 10:34 | Investigar | Castle Age |
| 10:41 | Construir | Stable |
| 11:05 | Construir | Farm |
| 11:19 | Construir | House |
| 11:32 | Investigar | Double-Bit Axe |
| 11:49 | Crear | Villager (Male) |
| 12:05 | Construir | Farm |
| 12:18 | Construir | Farm |
| 12:32 | Crear | Villager (Male) |
| 13:11 | Investigar | Horse Collar |
| 13:11 | Investigar | Horse Collar |
| 13:14 | Edad | Edad de los Castillos |
| 13:16 | Crear | Knight |
| 13:19 | Investigar | Bow Saw |
| 13:29 | Crear | Villager (Male) |
| 13:42 | Crear | Knight |
| 14:08 | Crear | Villager (Male) |
| 14:10 | Construir | Farm |
| 14:15 | Crear | Knight |
| 14:23 | Construir | Farm |
| 14:34 | Construir | House |
| 14:37 | Investigar | Wheelbarrow |
| 14:48 | Crear | Knight |
| 14:55 | Construir | Farm |
| 15:13 | Crear | Villager (Male) |
| 15:20 | Construir | Lumber Camp |
| 15:25 | Crear | Villager (Male) |
| 15:38 | Crear | Villager (Male) |
| 16:00 | Crear | Villager (Male) |
| 16:01 | Crear | Knight |
| 16:02 | Construir | Farm |
| 16:02 | Construir | Farm |
| 16:26 | Crear | Knight |
| 16:32 | Crear | Villager (Male) |
| 16:40 | Construir | Farm |
| 16:50 | Construir | Farm |
| 16:51 | Construir | Farm |
| 17:15 | Crear | Knight |
| 17:16 | Crear | Villager (Male) |
| 17:19 | Construir | Farm |
| 17:37 | Construir | House |
| 17:58 | Investigar | Husbandry |
| 18:03 | Construir | Farm |
| 18:12 | Crear | Knight |
| 18:34 | Construir | Farm |
| 18:52 | Construir | Farm |
| 18:54 | Crear | Knight |
| 19:01 | Construir | House |
| 19:03 | Crear | Villager (Male) |
| 19:03 | Crear | Villager (Male) |
| 19:15 | Construir | Town Center |
| 19:18 | Crear | Knight |
| 19:45 | Crear | Villager (Male) |
| 19:47 | Crear | Villager (Male) |
| 19:49 | Construir | Farm |
| 19:52 | Construir | Farm |
| 19:54 | Construir | Farm |
| 20:12 | Crear | Villager (Male) |
| 20:25 | Crear | Knight |
| 20:28 | Crear | Villager (Male) |
| 20:29 | Construir | Farm |
| 20:30 | Construir | Farm |
| 20:30 | Construir | Farm |
| 20:30 | Construir | Farm |
| 20:40 | Crear | Villager (Male) |
| 20:44 | Construir | Farm |
| 20:46 | Crear | Villager (Male) |
| 20:54 | Crear | Knight |
| 20:56 | Crear | Villager (Male) |
| 21:26 | Crear | Villager (Male) |
| 21:28 | Construir | House |
| 21:29 | Construir | House |
| 21:55 | Crear | Villager (Male) |
| 21:56 | Crear | Knight |
| 21:59 | Construir | House |
| 22:04 | Crear | Villager (Male) |
| 22:20 | Crear | Knight |
| 22:21 | Crear | Villager (Male) |
| 22:22 | Crear | Villager (Male) |
| 22:34 | Construir | Town Center |
| 22:37 | Crear | Villager (Male) |
| 22:41 | Crear | Villager (Male) |
| 22:44 | Crear | Knight |
| 22:52 | Crear | Villager (Male) |
| 23:03 | Crear | Villager (Male) |
| 23:04 | Construir | Farm |
| 23:21 | Crear | Villager (Male) |
| 23:33 | Crear | Knight |
| 23:42 | Investigar | Bloodlines |
| 23:53 | Crear | Villager (Male) |
| 23:55 | Construir | House |
| 23:56 | Construir | House |
| 24:05 | Crear | Knight |
| 24:08 | Crear | Villager (Male) |
| 24:13 | Construir | House |
| 24:15 | Crear | Knight |
| 24:17 | Crear | Villager (Male) |
| 24:20 | Construir | Blacksmith |
| 24:39 | Crear | Villager (Male) |
| 24:39 | Crear | Knight |
| 24:45 | Construir | Farm |
| 24:47 | Crear | Villager (Male) |
| 24:52 | Crear | Villager (Male) |
| 25:06 | Crear | Knight |
| 25:08 | Crear | Villager (Male) |
| 25:12 | Investigar | Scale Barding Armor |
| 25:17 | Crear | Knight |
| 25:18 | Crear | Villager (Male) |
| 25:30 | Construir | Farm |
| 25:30 | Construir | Farm |
| 25:30 | Construir | Farm |
| 25:35 | Crear | Villager (Male) |
| 25:39 | Construir | Mining Camp |
| 25:48 | Crear | Villager (Male) |
| 25:48 | Crear | Knight |
| 26:00 | Investigar | Forging |
Cronología de la partida
| 7:16 | gyNNNNN · wall_segment Palisade Wall x1 |
| 8:28 | gyNNNNN · age_up feudal |
| 8:40 | Fs.Nicolau Mendes · age_up feudal |
| 8:51 | Fs.Blink · age_up feudal |
| 9:28 | Fs.Blink · first_building Siege Workshop |
| 10:07 | FMG | Sawasha Takohida · age_up feudal |
| 10:33 | MUERE CACA · age_up feudal |
| 10:41 | MUERE CACA · first_building Stable |
| 10:56 | S2. MiMo · age_up feudal |
| 10:56 | Fs.Nx Imperial · age_up feudal |
| 11:21 | RománMás3 · age_up feudal |
| 12:10 | RománMás3 · first_market_sell 100 stone |
| 12:50 | Fs.Nx Imperial · first_building Barracks |
| 13:14 | MUERE CACA · age_up castle |
| 13:40 | FMG | Sawasha Takohida · age_up castle |
| 14:05 | FMG | Sawasha Takohida · first_building Castle |
| 14:15 | Fs.Nx Imperial · first_building Stable |
| 14:26 | S2. MiMo · age_up castle |
| 14:38 | Fs.Nx Imperial · age_up castle |
| 14:52 | RománMás3 · age_up castle |
| 15:06 | FMG | Sawasha Takohida · first_building Siege Workshop |
| 15:06 | RománMás3 · wall_segment Stone Wall x1 |
| 15:39 | FMG | Sawasha Takohida · first_market_buy 100 food |
| 15:45 | Fs.Blink · wall_segment Palisade Wall x1 |
| 15:48 | Fs.Blink · wall_segment Palisade Wall x1 |
| 16:16 | Fs.Blink · wall_segment Palisade Wall x1 |
| 16:18 | Fs.Blink · wall_segment Palisade Wall x1 |
| 16:25 | FMG | Sawasha Takohida · first_market_sell 100 stone |
| 16:33 | Fs.Blink · wall_segment Palisade Wall x1 |
| 17:12 | Fs.Nicolau Mendes · age_up castle |
| 17:20 | RománMás3 · wall_segment Stone Wall x9 |
| 17:23 | RománMás3 · wall_segment Stone Wall x7 |
| 17:53 | Fs.Nicolau Mendes · first_building Monastery |
| 18:04 | Fs.Nx Imperial · first_building Castle |
| 18:16 | RománMás3 · first_building Siege Workshop |
| 18:43 | FMG | Sawasha Takohida · first_building Monastery |
| 18:53 | gyNNNNN · wall_segment Palisade Wall x1 |
| 19:48 | Fs.Nicolau Mendes · first_building Barracks |
| 19:53 | Fs.Nx Imperial · wall_segment Stone Wall x1 |
| 20:40 | Fs.Nx Imperial · first_building Monastery |
| 20:46 | Fs.Blink · first_building Barracks |
| 20:53 | RománMás3 · first_building Castle |
| 21:03 | gyNNNNN · wall_segment Stone Wall x7 |
| 21:05 | S2. MiMo · first_building Monastery |
| 21:07 | gyNNNNN · first_market_sell 100 food |
| 21:17 | Fs.Nicolau Mendes · first_building Stable |
| 21:43 | FMG | Sawasha Takohida · wall_segment Stone Wall x5 |
| 22:09 | FMG | Sawasha Takohida · wall_segment Stone Wall x6 |
| 22:26 | RománMás3 · first_market_buy 100 wood |
| 22:31 | S2. MiMo · first_building Barracks |
| 22:47 | S2. MiMo · first_market_sell 100 wood |
| 23:17 | Fs.Blink · wall_segment Palisade Wall x1 |
| 23:19 | S2. MiMo · first_building Stable |
| 24:07 | gyNNNNN · age_up castle |
| 24:10 | gyNNNNN · first_building Siege Workshop |
| 24:52 | gyNNNNN · first_building Castle |
| 26:22 | S2. MiMo · age_up imperial |
| 26:39 | Fs.Nicolau Mendes · first_market_sell 100 wood |
| 27:15 | Fs.Nicolau Mendes · first_building Siege Workshop |
| 27:33 | FMG | Sawasha Takohida · first_building Barracks |
| 28:06 | Fs.Nicolau Mendes · wall_segment Palisade Wall x1 |
| 28:08 | Fs.Nicolau Mendes · wall_segment Palisade Wall x1 |
| 28:10 | Fs.Nicolau Mendes · wall_segment Palisade Wall x1 |
| 28:13 | S2. MiMo · first_market_buy 100 stone |
| 28:14 | S2. MiMo · first_building Castle |
| 28:26 | gyNNNNN · first_market_buy 100 food |
| 28:28 | FMG | Sawasha Takohida · wall_segment Stone Wall x4 |
| 28:31 | Fs.Nx Imperial · wall_segment Stone Wall x1 |
| 28:41 | FMG | Sawasha Takohida · first_building Stable |
| 29:34 | FMG | Sawasha Takohida · age_up imperial |
| 30:07 | Fs.Nicolau Mendes · age_up imperial |
| 30:09 | RománMás3 · age_up imperial |
| 30:51 | Fs.Nx Imperial · first_market_sell 100 wood |
| 30:53 | Fs.Nx Imperial · first_market_buy 100 food |
| 31:26 | gyNNNNN · first_building Barracks |
| 31:43 | gyNNNNN · age_up imperial |
| 31:55 | Fs.Blink · age_up castle |
| 32:18 | Fs.Nicolau Mendes · first_building Castle |
| 32:21 | gyNNNNN · first_building Archery Range |
| 32:28 | MUERE CACA · first_market_sell 100 food |
| 32:29 | MUERE CACA · first_market_buy 100 wood |
| 33:22 | MUERE CACA · tribute_sent a jugador 1 |
| 33:22 | MUERE CACA · tribute_sent a jugador 2 |
| 33:22 | MUERE CACA · tribute_sent a jugador 3 |
| 33:22 | MUERE CACA · tribute_sent a jugador 4 |
| 33:22 | MUERE CACA · tribute_sent a jugador 5 |
| 33:22 | MUERE CACA · tribute_sent a jugador 6 |
| 33:22 | MUERE CACA · tribute_sent a jugador 7 |
| 33:31 | Fs.Nicolau Mendes · wall_segment Palisade Wall x1 |
| 34:21 | Fs.Nx Imperial · age_up imperial |
| 34:28 | MUERE CACA · first_building Castle |
| 34:38 | MUERE CACA · age_up imperial |
| 36:04 | Fs.Nicolau Mendes · first_market_buy 100 food |
| 36:13 | MUERE CACA · tribute_sent a jugador 1 |
| 36:13 | MUERE CACA · tribute_sent a jugador 2 |
| 36:13 | MUERE CACA · tribute_sent a jugador 3 |
| 36:13 | MUERE CACA · tribute_sent a jugador 4 |
| 36:13 | MUERE CACA · tribute_sent a jugador 5 |
| 36:13 | MUERE CACA · tribute_sent a jugador 6 |
| 36:13 | MUERE CACA · tribute_sent a jugador 7 |
| 36:52 | Fs.Blink · first_building Stable |
| 39:06 | Fs.Nx Imperial · first_building Archery Range |
| 39:22 | FMG | Sawasha Takohida · resign |
[ ANÁLISIS IA · 1 CRÉDITO ]
¿Qué pasó realmente en esta partida?
Wolo.gg analiza cada decisión: build order, eco, micro, errores típicos por bracket. Análisis personalizado por WhatsApp o Discord en 30 segundos.
Guía civ
Malíes
Perfil
Jugador #15801503